 Dungeon Crawl Stone Soup version 0.24.1-11-gbbbb2193e6 (webtiles) character file.

Game seed: 9190119494013949587, levelgen mode: deterministic

603 lepoulpe303 the Digger (level 7, -7/36 HPs)
             Began as a Gargoyle Earth Elementalist on May 15, 2020.
             Was a Follower of Vehumet.
             Mangled by a wyvern (8 damage)
             ... on level 8 of the Dungeon.
             The game lasted 00:12:44 (4079 turns).

lepoulpe303 the Digger (GrEE)                       Turns: 4079, Time: 00:12:45

Health: -7/36      AC:  8    Str: 11    XL:     7   Next: 42%
Magic:  1/13       EV: 12    Int: 18    God:    Vehumet [*.....]
Gold:   236        SH:  0    Dex: 10    Spells: 4/14 levels left

rFire    . . .     SeeInvis .   w - +0 short sword
rCold    . . .     Gourm    .   (no shield)
rNeg     + . .     Faith    .   c - +0 robe
rPois    ∞         Spirit   .   E - +1 hat
rElec    +         Reflect  .   (no cloak)
rCorr    .         Harm     .   y - +0 pair of gloves
MR       .....                  (no boots)
Stlth    ++........             (no amulet)
HPRegen  0.12/turn              (no ring)
MPRegen  0.13/turn              (no ring)

@: very slightly contaminated
A: negative energy resistance 1, electricity resistance, unbreathing,
petrification resistance, rot immunity, AC +4
a: Renounce Religion


You were on level 8 of the Dungeon.
You worshipped Vehumet.
Vehumet was aware of your devotion.
You were hungry.

You visited 1 branch of the dungeon, and saw 7 of its levels.

You collected 236 gold pieces.

Inventory:

Hand Weapons
 f - a +0 dagger
 w - a +0 short sword (weapon)
Missiles
 Q - 62 stones (quivered)
Armour
 c - a +0 robe (worn)
 m - a +0 buckler
 y - a +0 pair of gloves (worn)
 E - a +1 hat (worn)
Jewellery
 s - a cursed -3 ring of strength {unknown}
 D - a +2 ring of intelligence {unknown}
Wands
 x - a wand of paralysis (10)
 B - a wand of iceblast (10)
Scrolls
 a - 3 scrolls of identify {unknown}
 b - 2 scrolls of remove curse {unknown}
 d - a scroll of enchant weapon {unknown}
 k - a scroll of magic mapping {unknown}
 n - a scroll of amnesia {unknown}
 p - 2 scrolls of noise {unknown}
 q - a scroll of blinking {unknown}
 t - 3 scrolls of teleportation {unknown}
 u - a scroll of random uselessness {unknown}
 v - a scroll of enchant armour {unknown}
 z - a scroll of immolation {unknown}
Potions
 g - a potion of flight {unknown}
 h - a potion of might {unknown}
 i - a potion of ambrosia {unknown}
 j - a potion of haste {unknown}
 l - a potion of brilliance {unknown}
 o - 5 potions of curing {unknown}
 r - 3 potions of cancellation {unknown}
 A - a potion of berserk rage {unknown}
 C - a potion of resistance {unknown}
Comestibles
 e - 8 rations


   Skills:
 + Level 3.0 Dodging
 - Level 3.4 Stealth
 + Level 2.7 Shields
 * Level 4.3 Spellcasting
 - Level 0.7 Transmutations
 * Level 6.3 Earth Magic


You had 4 spell levels left.
You knew the following spells:

 Your Spells              Type           Power        Failure   Level  Hunger
a - Sandblast             Erth           ####..       1%          1    None
c - Petrify               Tmut/Erth      ###.....     32%         4    ####...
w - Passwall              Tmut/Erth      ###.....     4%          2    ##.....
x - Stone Arrow           Conj/Erth      ###...       12%         3    ###....

Your spell library contained the following spells:

 Spells                   Type           Power        Failure   Level  Hunger
 Magic Dart               Conj           #...         14%         1    None
 Lee's Rapid Deconstruct  Erth           ####......   30%         5    ######.


Dungeon Overview and Level Annotations

Branches:
Dungeon (9/15)             Temple (0/1) D:4
   Lair: D:8-11         Orc: D:9-12

Altars:
Uskayaw
Vehumet

Annotations:
D:4 3 runed translucent doors, Eustachio; Gwenloh's ghost, amateur NaVM; egg's ghost, amateur DsFi; orehx's ghost, novice OpTm


Innate Abilities, Weirdness & Mutations

You are resistant to torment.
Your stone body is resilient. (AC +4)
You are immune to poison.
You resist negative energy. (rN+)
You are resistant to electric shocks. (rElec)
You can survive without breathing.
You are immune to petrification.
You are immune to rotting.


Message History

* * * LOW HITPOINT WARNING * * *
The gnoll hits you but does no damage.
You take 11 damage, and have 12/36 hp.
MASSIVE DAMAGE!!
Aim: a wyvern (moderately wounded, slowly petrifying)
The blast of sand hits the wyvern.
Q - 62 stones
* * * LOW MAGIC WARNING * * *
The wyvern bites you!
* * * LOW HITPOINT WARNING * * *
A bullfrog comes into view.
The gnoll hits you from afar with a +0 spear.
* * * LOW HITPOINT WARNING * * *
The wyvern bites you but does no damage.
The bullfrog moves out of view.
You take 11 damage, and have 1/36 hp.
MASSIVE DAMAGE!!
You now have 1/13 mp.
The wyvern bites you!
You die...

# #. #. #. . .##. ..
...## #.##...##
#......l #..).#
..#....######
....[.....@lo###.###
####....####g.......
#.#.###.l........
#.#. #g#####.### #
#. #g# # #" #o# #.
#o#


#go ... You could see a wyvern (petrifying), a gnoll and an orc.

Levels and vault maps discovered:
D:1:      minmay_arrival_jagged, layout_loops_ring, serial_park_tiny_1,
          minmay_pentomino_u2
D:2:      layout_basic
D:3:      layout_loops_ring, overflow_temple_1_default,
          eat_drink_and_be_merry_uskayaw
D:4:      layout_loops_ring, minmay_temple_entry_from_below_a,
          gammafunk_ghost_cemetery, uniq_eustachio, uniq_ijyb
D:5:      layout_basic, first_ration, item_on_display_a, uniq_duvessa
D:8:      layout_loops_ring, nicolae_gozag_zags_fifth_avenue, zin_treasury
D:9:      layout_layer_cave, grunt_temple_overflow_forces_of_nature,
          chequers_temple_overflow_statue_of_worship, minivault_28

Notes
Turn   | Place    | Note
-------+----------+-------------------------------------------
     0 | D:1      | lepoulpe303 the Gargoyle Earth Elementalist began the quest
                  | for the Orb.
     0 | D:1      | Reached XP level 1. HP: 10/10 MP: 3/3
    82 | D:1      | Identified a +0 dagger
   116 | D:1      | Reached XP level 2. HP: 15/15 MP: 5/5
   119 | D:1      | Identified a +0 club
   213 | D:1      | Identified a +0 club
   255 | D:1      | Reached skill level 4 in Earth Magic
   548 | D:1      | Reached XP level 3. HP: 19/19 MP: 6/6
   552 | D:1      | Learned a level 2 spell: Passwall
   633 | D:2      | Identified a +0 club
   799 | D:2      | Identified a +0 short sword
   951 | D:2      | Identified a +0 dagger
   962 | D:2      | HP: 4/19 [leopard gecko (4)]
  1079 | D:2      | Identified a cursed -1 club
  1189 | D:2      | Identified a +0 club
  1494 | D:3      | Identified a +0 club
  1669 | D:3      | Found a hide-covered altar of Uskayaw.
  1671 | D:3      | Reached skill level 2 in Dodging
  1671 | D:3      | Reached skill level 1 in Shields
  1676 | D:3      | Learned a level 3 spell: Stone Arrow
  1689 | D:3      | Identified a +0 pair of gloves (You found it on level 3 of
                  | the Dungeon)
  1694 | D:3      | Identified a +0 buckler (You found it on level 1 of the
                  | Dungeon)
  1740 | D:3      | Reached XP level 4. HP: 21/24 MP: 8/8
  1771 | D:3      | Found a radiant altar of Vehumet.
  1821 | D:3      | Became a worshipper of Vehumet
  2066 | D:3      | Identified a +0 club
  2217 | D:4      | Reached skill level 3 in Spellcasting
  2217 | D:4      | Reached XP level 5. HP: 20/28 MP: 3/9
  2223 | D:4      | Learned a level 4 spell: Petrify
  2233 | D:4      | Identified a +1 rapier of protection
  2233 | D:4      | Identified a +0 leather armour
  2233 | D:4      | Noticed Eustachio
  2470 | D:4      | Identified a +1 hat (You found it on level 4 of the
                  | Dungeon)
  2486 | D:4      | Found a runed translucent gate.
  2486 | D:4      | Found a runed translucent gate.
  2486 | D:4      | Found a runed translucent gate.
  2489 | D:4      | Noticed orehx's ghost (novice OpTm)
  2489 | D:4      | Noticed egg's ghost (amateur DsFi)
  2489 | D:4      | Noticed Gwenloh's ghost (amateur NaVM)
  2537 | D:4      | Reached skill level 5 in Earth Magic
  2555 | D:4      | Noticed a phantom
  2556 | D:4      | Reached skill level 3 in Stealth
  2584 | D:4      | HP: 3/28 [phantom (6)]
  2597 | D:4      | Killed a phantom
  2597 | D:4      | Reached skill level 2 in Shields
  2597 | D:4      | Reached XP level 6. HP: 4/32 MP: 0/11
  2887 | D:4      | Identified a +0 giant club
  2911 | D:4      | Identified a cursed +0 mace
  3160 | D:4      | Found a staircase to the Ecumenical Temple.
  3542 | D:4      | Identified a +0 leather armour
  3542 | D:4      | Noticed Ijyb
  3551 | D:4      | Killed Ijyb
  3551 | D:4      | Reached XP level 7. HP: 36/36 MP: 5/12
  3623 | D:5      | Entered Level 5 of the Dungeon
  3689 | D:5      | Reached * piety under Vehumet
  3689 | D:5      | Offered knowledge of Magic Dart by Vehumet.
  3689 | D:5      | Reached skill level 4 in Spellcasting
  3802 | D:5      | Reached skill level 6 in Earth Magic
  3883 | D:5      | You fall into a shaft and drop 3 floors!
  3884 | D:8      | Noticed a wyvern
  3890 | D:8      | Identified a +0 war axe
  3890 | D:8      | Identified a +0 ring mail
  3890 | D:8      | Identified a +0 spear
  3890 | D:8      | Identified a +0 ring mail
  3890 | D:8      | Identified a +0 buckler
  3890 | D:8      | Identified a +0 club
  3890 | D:8      | Identified a +0 whip
  3890 | D:8      | Identified a cursed -1 flail
  3891 | D:8      | Identified a +0 spear
  3891 | D:8      | Identified a +0 club
  3898 | D:8      | Identified a +0 leather armour
  3903 | D:8      | Reached skill level 3 in Dodging
  4078 | D:8      | HP: 5/36 [wyvern (7)]
  4078 | D:8      | HP: 1/36 [gnoll/+0 spear (4)]
  4079 | D:8      | Mangled by a wyvern

Table legend:
 A = Turns spent in this place as a percentage of turns spent in the entire game.
 B = Non-inter-level travel turns spent in this place as a percentage of non-inter-level travel turns spent in the entire game.
 C = Inter-level travel turns spent in this place as a percentage of turns spent in this place.
 D = Turns resting spent in this place as a percentage of non-inter-level travel turns spent in this place.
 E = Turns spent auto-exploring this place as a percentage of non-inter-level travel turns spent in this place.
 F = Non-inter-level travel turns spent in this place divided by the number of levels of this place that you've seen.
                   A       B       C       D       E      F
               +-------+-------+-------+-------+-------+----------------------
         Total | 100.0 | 100.0 |   3.7 |  17.5 |  62.1 | 561.0
       Dungeon | 100.0 | 100.0 |   3.7 |  17.5 |  62.1 | 561.0
               +-------+-------+-------+-------+-------+----------------------

Table legend:
 A = Kills in this place as a percentage of kills in entire the game.
 B = Kills by you in this place as a percentage of kills by you in the entire game.
 C = Kills by friends in this place as a percentage of kills by friends in the entire game.
 D = Other kills in this place as a percentage of other kills in the entire game.
 E = Experience gained in this place as a percentage of experience gained in the entire game.
 F = Experience gained in this place divided by the number of levels of this place that you have seen.
                   A       B       C       D       E      F
               +-------+-------+-------+-------+-------+----------------------
         Total | 100.0 | 100.0 |   N/A |   N/A | 100.0 | 123.1
       Dungeon | 100.0 | 100.0 |   N/A |   N/A | 100.0 | 123.1
               +-------+-------+-------+-------+-------+----------------------

Skill      XL: |  1  2  3  4  5  6  7 |
---------------+----------------------+-----
Earth Magic    | 4 5 6 |  6.3
Dodging        | 2 3 |  3.0
Shields        | 1 2 |  2.7
Spellcasting   | 3 4 |  4.3
Stealth        | 3 |  3.4
Transmutations | |  0.7

Action                   |  1- 3 |  4- 6 |  7- 9 || total
-------------------------+-------+-------+-------++-------
Melee: Dagger            |   106 |       |       ||   106
       Short sword       |    12 |   123 |    29 ||   164
 Cast: Sandblast         |    16 |    41 |    20 ||    77
       Stone Arrow       |       |     1 |       ||     1
       Petrify           |       |       |     2 ||     2
       Passwall          |       |       |     1 ||     1
 Stab: Sleeping          |     2 |     3 |       ||     5
  Eat: Chunk             |     3 |     6 |     1 ||    10
Armor: Robe              |    34 |    63 |    29 ||   126
Dodge: Dodged            |    87 |   116 |    34 ||   237

Vanquished Creatures
  A phantom (D:4)
  An ogre (D:4)
  A gnoll sergeant (D:8)
  A scorpion (D:4)
  3 hounds
  A jelly (D:5)
  Ijyb (D:4)
  A worker ant (D:4)
  A hound skeleton (D:4)
  2 gnolls (D:8)
  4 adders
  An ooze (D:4)
  3 worms
  2 dart slugs (D:1)
  3 leopard geckos
  An orc (D:4)
  6 bats
  4 giant cockroaches
  6 goblins
  5 hobgoblins
  15 jackals (D:4)
  3 kobolds
  3 quokkas
  3 frilled lizards
  A leopard gecko skeleton (D:4)
  A quokka skeleton (D:4)
  3 rats
77 creatures vanquished.

Vanquished Creatures (others)
  3 withered plants (D:4)
3 creatures vanquished.

Grand Total: 80 creatures vanquished
